 Dungeon Sprint DCSS version 0.16-a0-4038-ge07a62f (webtiles) character file.

16 BluebellGnoll the Stinger (level 2, 18/22 HPs)
             Began as a Naga Venom Mage on Feb 19, 2015.
             Was an Initiate of Okawaru.
             Quit the game in the Dungeon (Sprint IX: "|||||||||||||||||||||||||||||").
             The game lasted 00:03:30 (326 turns).

BluebellGnoll the Stinger (Naga Venom Mage)          Turns: 326, Time: 00:03:30

Health: 18/22      AC:  3    Str: 10    XL:     2   Next: 58%
Magic:  6/6        EV: 10    Int: 21    God:    Okawaru [......]
Gold:   0          SH:  0    Dex: 11    Spells: 1 memorised, 7 levels left

rFire  . . .     SeeInvis +     k - +0 whip
rCold  . . .     Clarity  .     a - +0 robe
rNeg   . . .     SustAb   .     (no shield)
rPois  +         Gourm    .     w - +0 helmet
rElec  .         Spirit   .     (no cloak)
rCorr  .         Warding  .     v - +0 pair of gloves
rMut   .         NoTele   +     (no barding)
MR     .....                    (no amulet)
Stlth  ++........               y - +3 ring of intelligence
                                x - +3 ring of intelligence

@: very slow, not resistant to hostile enchantments, unstealthy
A: spit poison, see invisible, deformed body, poison resistance, slowness 2
a: Spit Poison, Renounce Religion


You were in the Dungeon.
You worshipped Okawaru.
Okawaru was noncommittal.
You were not hungry.

You visited 1 branch

Inventory:

Hand weapons
 k - a +0 whip (weapon)
 p - a +2 dire flail of draining
 q - a +2 halberd of protection
 r - a +4 quarterstaff of speed
 s - a +2 rapier of venom
 t - a +2 scimitar of flaming
 u - a +3 war axe of chopping
Armour
 a - a +0 robe (worn)
 v - a +0 pair of gloves (worn)
 w - a +0 helmet (worn)
Magical staves
 o - an uncursed staff of energy
Jewellery
 x - a +3 ring of intelligence (left hand)
 y - a +3 ring of intelligence (right hand)
Magical devices
 n - a wand of fire (7)
Scrolls
 i - 2 scrolls of blinking
 l - 3 scrolls of remove curse
 m - 2 scrolls of amnesia
Potions
 d - 5 potions of curing
 e - 3 potions of heal wounds
 g - 3 potions of magic
 h - a potion of invisibility
Books
 b - a Young Poisoner's Handbook

   Spells                             Type                      Level
   a - Sting                          Conjuration/Poison           1
   b - Cure Poison                    Poison                       2
   c - Mephitic Cloud                 Conjuration/Poison/Air       3
   d - Olgreb's Toxic Radiance        Poison                       4
   e - Venom Bolt                     Conjuration/Poison           5
Comestibles
 c - a bread ration
 f - a poisonous chunk of flesh
 j - a chunk of flesh


   Skills:
 - Level 1.5 Dodging
 - Level 3.0 Stealth
 - Level 3.6 Spellcasting
 + Level 7.2 Poison Magic


You had 7 spell levels left.
You knew the following spells:

 Your Spells              Type           Power        Failure   Level  Hunger
a - Sting                 Conj/Pois      ###.         2%          1    None


Dungeon Overview and Level Annotations

Branches:
Dungeon (1/1)

Altars:
Cheibriados
Dithmenos
Elyvilon
Fedhas
Gozag
Kikubaaqudgha
Makhleb
Nemelex Xobeh
Okawaru
Qazlal
Ru
Sif Muna
Trog
Vehumet
Xom
Yredelemnul
Zin
The Shining One
Beogh
Jiyva
Lugonu


Innate Abilities, Weirdness & Mutations

You cannot wear boots.
You can spit poison.
You have supernaturally acute eyesight.
Armour fits poorly on your strangely shaped body.
Your system is resistant to poisons.
You cover ground very slowly.


Message History

You see here a +0 helmet.
w - a +0 helmet You see here a +1 chain mail.
x - a +3 ring of intelligence
y - a +3 ring of intelligence Put on which piece of jewellery? (? for menu, Esc to quit)
You feel clever.
x - a +3 ring of intelligence (left hand) Put on which piece of jewellery? (? for menu, Esc to quit)
You feel clever.
y - a +3 ring of intelligence (right hand) Wear which item? (? for menu, Esc to quit)
You start putting on your armour.
You continue putting on your +0 helmet.
You continue putting on your +0 helmet. x3
You finish putting on your +0 helmet.
Wear which item? (? for menu, Esc to quit)
You start putting on your armour.
You continue putting on your +0 pair of gloves. x4
You finish putting on your +0 pair of gloves.
Are you sure you want to abandon this character and quit the game? (Confirm with "yes".)

▓+▓
▓@▓
▓.▓
▓[▓
▓.▓
▓.▓
▓.▓
▓.▓
▓.▓
▓.▓


There were no monsters in sight!

Vanquished Creatures
  A shadow imp (D)
  3 goblins (D)
  2 hobgoblins (D)
  A giant newt (D)
  2 kobolds (D)
  A rat (D)
10 creatures vanquished.

Notes
Turn   | Place    | Note
--------------------------------------------------------------
     0 | D        | BluebellGnoll, the Naga Venom Mage, began the quest for the Orb.
     0 | D        | Reached XP level 1. HP: 15/15 MP: 3/3
   233 | D        | Reached skill level 6 in Poison Magic
   233 | D        | Reached XP level 2. HP: 22/22 MP: 6/6
   238 | D        | Reached skill level 7 in Poison Magic
   268 | D        | Found a glowing silver altar of Zin.
   268 | D        | Found a glowing golden altar of the Shining One.
   268 | D        | Found an ancient bone altar of Kikubaaqudgha.
   268 | D        | Found a basalt altar of Yredelemnul.
   268 | D        | Found a shimmering altar of Xom.
   268 | D        | Found a radiant altar of Vehumet.
   268 | D        | Found an iron altar of Okawaru.
   269 | D        | Found a burning altar of Makhleb.
   270 | D        | Found a deep blue altar of Sif Muna.
   271 | D        | Found a bloodstained altar of Trog.
   272 | D        | Found a sparkling altar of Nemelex Xobeh.
   273 | D        | Found a white marble altar of Elyvilon.
   274 | D        | Found a roughly hewn altar of Beogh.
   275 | D        | Found a viscous altar of Jiyva.
   276 | D        | Found a corrupted altar of Lugonu.
   279 | D        | Became a worshipper of Warmaster Okawaru
   280 | D        | Found a blossoming altar of Fedhas.
   281 | D        | Found a snail-covered altar of Cheibriados.
   282 | D        | Found a shadowy altar of Dithmenos.
   283 | D        | Found a stormy altar of Qazlal.
   284 | D        | Found an opulent altar of Gozag.
   285 | D        | Found a sacrificial altar of Ru.
   326 | D        | Quit the game

Action                   || total
-------------------------++-------
Melee: Whip              ||    19
 Cast: Sting             ||    11
  Use: Potion            ||     3
